 Dungeon Crawl Stone Soup version 0.20-a0-1017-gc3250ce (webtiles) character file.

287 Gorice the Vexing (level 6, -3/32 HPs)
             Began as a Kobold Enchanter on Apr 16, 2017.
             Slain by an orc priest
             ... wielding a +0 club
              (6 damage)
             ... on level 3 of the Dungeon.
             The game lasted 00:21:22 (4487 turns).

Gorice the Vexing (Kobold Enchanter)                Turns: 4487, Time: 00:21:23

Health: -3/32      AC:  6    Str:  8    XL:     6   Next: 56%
Magic:  1/9        EV: 15    Int: 16    God:
Gold:   188        SH:  0    Dex: 15    Spells: 0/9 levels left

rFire    . . .     SeeInvis .   a - +1 dagger (flame)
rCold    . . .     Gourm    .   (shield restricted)
rNeg     . . .     Faith    .   q - +0 robe
rPois    .         Spirit   .   (no helmet)
rElec    .         Reflect  .   g - +1 cloak
rCorr    .         Harm     .   t - +0 pair of gloves
MR       .....                  C - +0 pair of boots
Stlth    +++.......             (no amulet)
Regen    0.1/turn               (no ring)
MPRegen  0.2/turn               (no ring)

@: no status effects
A: carnivore 3
a: no special abilities


You were on level 3 of the Dungeon.
You were completely stuffed.

You visited 1 branch of the dungeon, and saw 3 of its levels.
You also visited: Sewer.

You collected 188 gold pieces.

Inventory:

Hand Weapons
 a - a +1 dagger of flaming (weapon)
   (You took it off an orc wizard on level 3 of the Dungeon)
 b - a +0 hunting sling
 i - a +0 short sword
 r - a +0 flail
 A - a +0 rapier
 E - a cursed -1 mace
 F - a +1 dagger
Missiles
 e - 13 bolts
 f - 44 sling bullets
 Z - 82 stones (quivered)
Armour
 g - a +1 cloak (worn)
 q - a +0 robe (worn)
 t - a +0 pair of gloves (worn)
 y - a +0 ring mail
 C - a +0 pair of boots (worn)
Wands
 p - a wand of paralysis (1/24)
Scrolls
 h - a scroll of enchant weapon {unknown}
 k - 2 scrolls of remove curse
 o - 3 scrolls of enchant armour
 s - a scroll of immolation {unknown}
 u - a scroll of teleportation {!r}
 z - a scroll of random uselessness {unknown}
Potions
 j - a potion of magic {!q}
 l - 2 potions of mutation {!q}
 m - 2 potions of lignification {unknown}
 v - a potion of flight
 w - 3 potions of might {unknown}
 x - a potion of invisibility {unknown}
Books
 c - a book of Maledictions
 D - a book of Misfortune
Comestibles
 d - a meat ration {!e}
 n - a royal jelly
 B - 2 chunks of flesh


   Skills:
 + Level 4.6 Short Blades
 - Level 2.4 Dodging
 - Level 4.0 Stealth
 - Level 2.1 Spellcasting
 * Level 5.9 Hexes


You couldn't memorise any spells.
You knew the following spells:

 Your Spells              Type           Power        Failure   Level  Hunger
a - Corona                Hex            ###....      1%          1    #......
b - Ensorcelled Hibernat  Hex/Ice        ##....       10%         2    ###....
c - Confuse               Hex            ###.....     8%          3    ###....
d - Tukima's Dance        Hex            ###.....     8%          3    ###....


Dungeon Overview and Level Annotations

Branches:
Dungeon (3/15)

Altars:


Innate Abilities, Weirdness & Mutations

You are small and have problems with some larger weapons.
You are carnivorous and can eat meat at any time.


Message History

Casting: Confuse
Confirm with . or Enter, or press ? or * to list all spells.
Aiming: Ensorcelled Hibernation
Press: ? - help, Shift-Dir - straight line, f - adder, p - orc priest
Aim: an adder (chance to defeat MR: 50%)
The adder resists with some effort.
The adder misses you. The orc priest hits you with a club.
The adder barely misses you.
Damage: 4 (max 4)
Casting: Ensorcelled Hibernation
Confirm with . or Enter, or press ? or * to list all spells.
Aiming: Ensorcelled Hibernation
Press: ? - help, Shift-Dir - straight line, f/p - adder
Aim: an adder (chance to defeat MR: 50%)
The adder resists with some effort.
The adder bites you.
Damage: 4 (max 4)
Casting: Ensorcelled Hibernation
Confirm with . or Enter, or press ? or * to list all spells.
Aiming: Ensorcelled Hibernation
Press: ? - help, Shift-Dir - straight line, f/p - adder
Aim: an adder (chance to defeat MR: 50%)
The adder looks drowsy...
The helpless adder fails to defend itself.
You impale the adder!! You burn the adder.
You kill the adder!
The orc priest seems less confused.
The orc priest hits you with a club.
Damage: 2 (max 4)
You hit the orc priest but do no damage.
The orc priest barely misses you.
You hit the orc priest but do no damage.
The orc priest barely misses you.
You hit the orc priest but do no damage.
The orc priest hits you with a club.
Damage: 4 (max 4)
Casting: Ensorcelled Hibernation
Confirm with . or Enter, or press ? or * to list all spells.
Aiming: Corona
Press: ? - help, Shift-Dir - straight line, f - orc priest
Aim: an orc priest, wielding a club and wearing a ring mail (chance to defeat MR: 59%)
The orc priest is outlined in light.
You completely miss the orc priest.
The orc priest calls down the wrath of Beogh upon you.
Beogh smites you!
* * * LOW HITPOINT WARNING * * *
Damage: 9 (max 9)
You completely miss the orc priest. The orc priest hits you with a club!
* * * LOW HITPOINT WARNING * * *
Damage: 7 (max 9)
You hit the orc priest but do no damage.
The orc priest hits you with a club.
You die...

##≈≈.≈≈##.....#..............# #.
≈≈.....≈≈..............>.....# ##
≈≈.....≈≈.###..#####.........#
.......≈≈..##................####
≈≈.....≈≈..##.######.............
≈≈.....≈≈..##.#...##..####...)...
##≈≈≈≈≈##..##.#...##..####.###.##
##≈≈≈≈≈##.......o..#............{
...........#....@..........#.....
##.##..#.#.#...........<.........
##.....<...#.......#...###.#.....
.......###.#...............#....o
..###..###.#.##.#..#.#.#####.....
..# #o.......##.#..#.[...........
..# #..###......#..#.########....
..###.#####.....)..#.# #....
................#..#.# #....


You could see an orc priest.

Vanquished Creatures
  A crocodile (Sewer)
  2 orc wizards (D:3)
  Jessica (D:2)
  2 adders
  An ooze (D:1)
  3 worms (D:3)
  6 dart slugs
  7 orcs
  A ball python (D:1)
  12 bats
  3 giant cockroaches
  5 goblins
  5 hobgoblins
  7 jackals
  A quokka (D:1)
  6 frilled lizards
  9 kobolds
  12 rats
84 creatures vanquished.

Vanquished Creatures (collateral kills)
  4 orcs (D:3)
  A hobgoblin (D:3)
  A kobold (D:3)
6 creatures vanquished.

Vanquished Creatures (others)
  2 dancing weapons (D:3)
2 creatures vanquished.

Grand Total: 92 creatures vanquished

Notes
Turn   | Place    | Note
-------+----------+-------------------------------------------
     0 | D:1      | Gorice the Kobold Enchanter began the quest for the Orb.
     0 | D:1      | Reached XP level 1. HP: 10/10 MP: 3/3
   262 | D:1      | Reached skill level 2 in Short Blades
   262 | D:1      | Reached XP level 2. HP: 10/15 MP: 0/5
   403 | D:1      | Learned a level 2 spell: Ensorcelled Hibernation
   780 | D:1      | Reached XP level 3. HP: 18/19 MP: 2/6
  1413 | D:1      | Learned a level 3 spell: Confuse
  1537 | D:1      | Reached skill level 3 in Short Blades
  1841 | D:1      | Reached skill level 4 in Hexes
  1874 | D:2      | Reached XP level 4. HP: 23/24 MP: 0/7
  2265 | D:2      | Noticed Jessica
  2284 | D:2      | Killed Jessica
  2345 | D:2      | Reached XP level 5. HP: 22/28 MP: 1/8
  2800 | D:3      | Found a glowing drain.
  2840 | Sewer    | Entered a sewer
  2957 | Sewer    | Noticed a crocodile
  2967 | Sewer    | HP: 4/28 [crocodile (14)]
  2971 | Sewer    | Killed a crocodile
  2971 | Sewer    | Reached skill level 4 in Short Blades
  2971 | Sewer    | Reached skill level 5 in Hexes
  2971 | Sewer    | Reached XP level 6. HP: 30/32 MP: 2/9
  3111 | D:3      | Learned a level 3 spell: Tukima's Dance
  3294 | D:3      | HP: 9/32 [orc priest/divine providence (16)]
  4486 | D:3      | HP: 3/32 [orc priest/club (7)]
  4487 | D:3      | Slain by an orc priest

Vault maps used:
D:1:      dpeg_arrival_yet_another_circle, minmay_misc_feat_columns
D:2:      uniq_jessica
D:3:      minmay_door_path, first_bread, cheibrodos_sewer_entry_sluice,
          minmay_door_square
Sewer:    sewer_the_crocodile

Skill      XL: |  1  2  3  4  5 |
---------------+----------------+-----
Short Blades   | 2 3 4 |  4.6
Hexes          | 4 5 |  5.9
Dodging        | |  2.4
Stealth        | |  4.0
Spellcasting   | |  2.1

Action                   |  1- 3 |  4- 6 || total
-------------------------+-------+-------++-------
Melee: Dagger            |   139 |   174 ||   313
 Fire: Hunting sling     |       |    16 ||    16
 Cast: Corona            |    24 |    16 ||    40
       Ensorcelled Hiber |    15 |    31 ||    46
       Tukima's Dance    |       |    10 ||    10
       Confuse           |       |     1 ||     1
Evoke: Wand              |       |     1 ||     1
  Use: Scroll            |     7 |     8 ||    15
       Potion            |       |     2 ||     2
 Stab: Sleeping          |    11 |    21 ||    32
       Distracted        |     2 |       ||     2
       Paralysed         |       |     1 ||     1
  Eat: Chunk             |    13 |    12 ||    25
Armor: Robe              |    30 |    31 ||    61
Dodge: Dodged            |   154 |   156 ||   310

Table legend:
 A = Turns spent in this place as a percentage of turns spent in the entire game.
 B = Non-inter-level travel turns spent in this place as a percentage of non-inter-level travel turns spent in the entire game.
 C = Inter-level travel turns spent in this place as a percentage of turns spent in this place.
 D = Turns resting spent in this place as a percentage of non-inter-level travel turns spent in this place.
 E = Turns spent auto-exploring this place as a percentage of non-inter-level travel turns spent in this place.
 F = Non-inter-level travel turns spent in this place divided by the number of levels of this place that you've seen.
                   A       B       C       D       E      F
               +-------+-------+-------+-------+-------+----------------------
         Total | 100.0 | 100.0 |   0.4 |   7.0 |   3.1 | 422.2
       Dungeon |  94.7 |  94.7 |   0.4 |   7.0 |   3.1 | 533.0
         Sewer |   5.3 |   5.3 |   0.0 |   6.7 |   2.2 |  90.0
               +-------+-------+-------+-------+-------+----------------------

Vault maps used:
D:1:      dpeg_arrival_yet_another_circle, minmay_misc_feat_columns
D:2:      uniq_jessica
D:3:      minmay_door_path, first_bread, cheibrodos_sewer_entry_sluice,
          minmay_door_square
Sewer:    sewer_the_crocodile
